 Dungeon Crawl Stone Soup version 0.20-a0-850-ge5a7832 (webtiles) character file.

137 Dharzhak the Insei (level 5, 0/41 HPs)
             Began as a Draconian Transmuter on Mar 10, 2017.
             Slain by a gnoll
             ... wielding a +0 whip
              (1 damage)
             ... on level 2 of the Dungeon.
             The game lasted 00:05:57 (2269 turns).

Dharzhak the Insei (Draconian Transmuter)           Turns: 2269, Time: 00:05:58

Health: 0/41       AC:  5    Str: 12    XL:     5   Next: 0%
Magic:  8/8        EV: 13    Int: 13    God:
Gold:   126        SH:  0    Dex: 13    Spells: 7/8 levels left

rFire    . . .     SeeInvis .     - Unarmed
rCold    . . .     Gourm    .   (armour unavailable)
rNeg     . . .     Faith    .   (no shield)
rPois    .         Spirit   .   (helmet restricted)
rElec    .         Reflect  .   (no cloak)
rCorr    .         Harm     .   (no gloves)
MR       .....                  (no boots)
Stlth    ++........             (no amulet)
Regen    0.2/turn               (no ring)
MPRegen  0.2/turn               (no ring)

@: no status effects
A: unfitting armour, cold-blooded, AC +5
a: no special abilities


You were on level 2 of the Dungeon.
You were not hungry.

You visited 1 branch of the dungeon, and saw 3 of its levels.

You collected 126 gold pieces.

Inventory:

Missiles
 a - 12 arrows
 d - 8 silver tomahawks
 l - 6 tomahawks (quivered)
 p - 13 bolts
Scrolls
 e - 2 scrolls of enchant weapon {unknown}
 f - a scroll of remove curse {unknown}
 h - a scroll of identify {unknown}
 i - 3 scrolls of amnesia {unknown}
 j - a scroll of fog {unknown}
 q - a scroll of enchant armour {unknown}
Potions
 g - 4 potions of curing {unknown}
 k - a potion of heal wounds {unknown}
 m - a potion of degeneration {unknown}
 n - a potion of agility {unknown}
Books
 b - a book of Changes

   Spells                             Type                      Level
   a - Beastly Appendage              Transmutation                1
   b - Sticks to Snakes               Transmutation                2
   c - Spider Form                    Transmutation/Poison         3
   d - Ice Form                       Ice/Transmutation            4
   e - Blade Hands                    Transmutation                5
Comestibles
 c - 3 bread rations
 o - a chunk of flesh


   Skills:
 * Level 1.7 Fighting
 * Level 0.8 Throwing
 * Level 2.5 Dodging
 * Level 1.1 Stealth
 * Level 4.2 Unarmed Combat
 * Level 2.3 Spellcasting
 * Level 2.4 Transmutations


You had 7 spell levels left.
You knew the following spells:

 Your Spells              Type           Power        Failure   Level  Hunger
a - Beastly Appendage     Tmut           #.....       12%         1    #......


Dungeon Overview and Level Annotations

Branches:
Dungeon (3/15)

Altars:
Dithmenos


Innate Abilities, Weirdness & Mutations

Your plain brown scales are hard. (AC +5)
You cannot fit into any form of body armour.
You are cold-blooded and may be slowed by cold attacks.


Message History

The gnoll is severely wounded.
The gnoll hits you with a whip!
* * * LOW HITPOINT WARNING * * *
You hit the gnoll but do no damage.
The gnoll is severely wounded.
The gnoll misses you.
You hit the gnoll but do no damage.
The gnoll is severely wounded.
The gnoll misses you.
You barely miss the gnoll.
The gnoll is severely wounded.
The gnoll hits you with a whip.
* * * LOW HITPOINT WARNING * * *
You hit the gnoll but do no damage.
The gnoll is severely wounded.
The gnoll hits you but does no damage.
You hit the gnoll but do no damage.
The gnoll is severely wounded.
The gnoll hits you with a whip.
You die...

#.#####.##### #.# #.#
#......# #.# #.# #......#
#.# #.####..)...# #.#
#...#.#'###########.##
###.#.................
######.#.#############.##
#....#.#.########......##
#......g@................
#........########.######.
#........# #.# #.
#....#'##########.######.
#....#[##......##......#.
#....#.##......#######.#.
#.......#..>...##......#.
#.......#......##......#.
#.......#......##......#.


You could see a gnoll.

Vanquished Creatures
  Ijyb (D:3)
  Jessica (D:2)
  Robin (D:2)
  3 adders
  A worm (D:2)
  4 giant cockroaches
  5 hobgoblins
  2 jackals (D:1)
  3 kobolds
  2 bats (D:2)
  2 frilled lizards (D:1)
  11 goblins
  7 rats
43 creatures vanquished.

Notes
Turn   | Place    | Note
-------+----------+-------------------------------------------
     0 | D:1      | Dharzhak the Draconian Transmuter began the quest for the Orb.
     0 | D:1      | Reached XP level 1. HP: 16/16 MP: 3/3
   376 | D:1      | Reached XP level 2. HP: 19/23 MP: 5/5
   890 | D:2      | Found a shadowy altar of Dithmenos.
   972 | D:2      | Noticed Robin
  1008 | D:2      | Killed Robin
  1008 | D:2      | Reached XP level 3. HP: 14/28 MP: 6/6
  1333 | D:2      | Reached skill level 1 in Stealth
  1501 | D:2      | Reached XP level 4. HP: 35/35 MP: 7/7
  1545 | D:2      | Noticed Jessica
  1556 | D:2      | Killed Jessica
  1556 | D:2      | Reached skill level 4 in Unarmed Combat
  2128 | D:3      | Noticed Ijyb
  2158 | D:3      | Killed Ijyb
  2158 | D:3      | Reached XP level 5. HP: 31/41 MP: 8/8
  2264 | D:2      | HP: 2/41 [gnoll/whip (8)]
  2269 | D:2      | Slain by a gnoll

Vault maps used:
D:1:      moated_graveyard_arrival, serial_glass, glass_columns_b,
          glass_columns_a, glass_columns_a
D:2:      lemuel_crystal_altar, uniq_jessica, uniq_robin
D:3:      lemuel_doored_altar, nemelex_xobeh_ov_fountains_minmay, first_bread,
          uniq_iyjb, uniq_sigmund

Skill      XL: |  1  2  3  4 |
---------------+-------------+-----
Dodging        | 2 |  2.5
Stealth        | 1 |  1.1
Unarmed Combat | 4 |  4.2
Fighting       | |  1.7
Throwing       | |  0.8
Spellcasting   | |  2.3
Transmutations | |  2.4

Action                   |  1- 3 |  4- 6 || total
-------------------------+-------+-------++-------
Melee: Unarmed           |   123 |    69 ||   192
       Tailslap          |     7 |    10 ||    17
       Punch             |     1 |     2 ||     3
Throw: Tomahawk          |     9 |       ||     9
  Eat: Chunk             |     2 |     2 ||     4
Armor: Skin              |    33 |    14 ||    47
Dodge: Dodged            |    88 |    38 ||   126
